 Dungeon Crawl Stone Soup version 0.28.0-43-g3370ac3207 (webtiles) character file.

Game seed: 5087847565958610792

6083 Zeld the Zephyrmancer (level 10, -14/58 HPs)
             Began as a Tengu Air Elementalist on Apr 1, 2022.
             Was a Priest of Vehumet.
             Demolished by a cyclops (19 damage)
             ... on level 8 of the Dungeon.
             The game lasted 00:17:11 (12440 turns).

Zeld the Zephyrmancer (Tengu Air Elementalist)     Turns: 12440, Time: 00:17:12

Health: -14/58     AC: 13    Str:  8    XL:     10   Next: 88%
Magic:  0/23       EV: 15    Int: 20    God:    Vehumet [***...]
Gold:   416        SH:  0    Dex: 15    Spells: 15/25 levels left

rFire   . . .      SeeInvis +   b - +4 trident (protect)
rCold   . . .      Faith    .   (no shield)
rNeg    . . .      Spirit   .   a - +0 robe
rPois   +          Reflect  .   (helmet restricted)
rElec   .          Harm     .   f - +0 cloak
rCorr   .          Rampage  .   d - +2 pair of gloves
Will    .....                   (boots unavailable)
Stlth   ++........              (no amulet)
HPRegen 0.19/turn               o - ring of see invisible
MPRegen 0.18/turn               u - ring of poison resistance

@: swift, under a protective aura, flying quickly and evasively, very quick
A: beak, talons 3, nimble flight
a: Renounce Religion


You were on level 8 of the Dungeon.
You worshipped Vehumet.
Vehumet was most pleased with you.
You visited 2 branches of the dungeon, and saw 9 of its levels.
You also visited: Sewer.

You collected 416 gold pieces.

Inventory:

Hand Weapons
 b - a +4 trident of protection (weapon)
Armour
 a - a +0 robe (worn)
 d - a +2 pair of gloves (worn)
 f - a +0 cloak (worn)
 q - an orb of energy
Jewellery
 o - a ring of see invisible (left hand)
 u - a ring of poison resistance (right hand)
 v - a ring of resist corrosion
Wands
 l - a wand of flame (31)
 y - a wand of digging (6)
Scrolls
 c - 5 scrolls of teleportation
 g - a scroll of amnesia
 i - a scroll of fear
 j - 2 scrolls of magic mapping
 k - 3 scrolls of blinking {unknown}
 m - a scroll of enchant armour {unknown}
 r - a scroll of silence {unknown}
 x - a scroll of torment {unknown}
Potions
 e - 2 potions of cancellation {unknown}
 h - a potion of lignification {unknown}
 n - a potion of attraction {unknown}
 p - a potion of resistance {unknown}
 s - a potion of brilliance {unknown}
 t - a potion of berserk rage {unknown}
 w - a potion of degeneration {unknown}
 z - 2 potions of might {unknown}


   Skills:
 + Level 4.8 Fighting
 - Level 3.0 Dodging
 - Level 3.0 Stealth
 * Level 8.3 Spellcasting
 + Level 8.0 Conjurations
 * Level 12.1 Air Magic
 + Level 5.7 Evocations


You had 15 spell levels left.
You knew the following spells:

 Your Spells              Type           Power      Damage    Failure   Level
a - Shock                 Conj/Air       100%       1d9       1%          1
b - Static Discharge      Conj/Air       48%        N/A       1%          2
c - Swiftness             Air            54%        N/A       1%          3
d - Airstrike             Air            27%        N/A       1%          4

Your spell library contained the following spells:

 Spells                   Type           Power      Damage    Failure   Level
 Inner Flame              Hex/Fire       8%         N/A       7%          3
 Mephitic Cloud           Conj/Pois/Air  35%        N/A       1%          3
 Stone Arrow              Conj/Erth      48%        3d10      1%          3
 Sandblast                Erth           16%        2d6       2%          1
 Hailstorm                Conj/Ice       24%        3d7       4%          4
 Sticky Flame             Conj/Fire      24%        2d5       4%          4
 Freezing Cloud           Conj/Ice/Air   17%        6-21      4%          5
 Ignite Poison            Fire/Tmut/Pois 8%         N/A       7%          3
 Animate Skeleton         Necr           16%        N/A       9%          1
 Apportation              Tloc           16%        N/A       9%          1
 Summon Small Mammal      Summ           32%        N/A       9%          1
 Passwall                 Tmut/Erth      6%         N/A       13%         2
 Confusing Touch          Hex            8%         N/A       26%         3
 Portal Projectile        Hex/Tloc       16%        N/A       26%         3
 Yara's Violent Unravell  Hex/Tmut       4%         3d4       50%         5
 Dispel Undead            Necr           8%         3d8       63%         4
 Ice Form                 Ice/Tmut       8%         N/A       63%         4
 Blade Hands              Tmut           4%         N/A       93%         5
 Excruciating Wounds      Necr           4%         N/A       93%         5
 Simulacrum               Ice/Necr       4%         N/A       100%        6
 Enfeeble                 Hex            4%         N/A       100%        7
 Malign Gateway           Summ/Tloc      4%         N/A       100%        7
 Summon Horrible Things   Summ           4%         N/A       100%        8


Dungeon Overview and Level Annotations

Branches:
Dungeon (8/15)             Temple (1/1) D:6           Sewer (visited)
   Lair: D:8-11

Altars:
Ashenzari
Cheibriados
Dithmenos
Elyvilon
Fedhas
Gozag
Hepliaklqana
Makhleb
Nemelex Xobeh
Okawaru
Qazlal
Ru
Sif Muna
Uskayaw
Vehumet
Wu Jian
Yredelemnul
Zin
The Shining One

Annotations:
D:8 exclusions: cyclops and fire crab


Innate Abilities, Weirdness & Mutations

You have a beak for a mouth.
You have claws for feet.
Your magical nature lets you fly swiftly and evasively.


Message History

Casting: Airstrike (safe; 1% risk of failure)
Confirm with . or Enter, or press ? or * to list all spells.
Aiming: Airstrike (safe; 1% risk of failure)
Press: ? - help, Dir - move target, f/p - cyclops
Aim: a cyclops, quivering large rocks (heavily wounded, empty space bonus: 3/8)
The air twists around and strikes the cyclops!
The cyclops is severely wounded.
The cyclops barely misses you.
Unknown command.
Casting: Airstrike (safe; 1% risk of failure)
Confirm with . or Enter, or press ? or * to list all spells.
Aiming: Airstrike (safe; 1% risk of failure)
Press: ? - help, Dir - move target, f/p - cyclops
Aim: a cyclops, quivering large rocks (severely wounded, empty space bonus: 3/8)
The air twists around and strikes the cyclops!
The cyclops is almost dead.
Unknown command.
You hit the cyclops but do no damage.
Your weapon exudes an aura of protection.
Your kick misses the cyclops. You peck the cyclops, but do no damage.
The cyclops is almost dead.
The cyclops barely misses you.
You hit the cyclops but do no damage. You claw the cyclops.
You peck the cyclops, but do no damage.
The cyclops is almost dead.
The cyclops hits you!!
You hit the cyclops but do no damage. You claw the cyclops, but do no damage.
Your peck misses the cyclops.
The cyclops is almost dead.
The cyclops hits you!!
* * * LOW HITPOINT WARNING * * *
Casting: Airstrike (safe; 1% risk of failure)
Confirm with . or Enter, or press ? or * to list all spells.
Aiming: Shock (safe; 1% risk of failure)
Press: ? - help, Shift-Dir - straight line, f/p - cyclops
Aim: a cyclops, quivering large rocks (almost dead, 98% to hit)
The zap hits the cyclops.
The cyclops is almost dead.
The cyclops hits you!!
You die...

.######....#.#'####
.#)...............#
.#......##........#
.#......##...###########
.#...........##..###...##########
.#....#....#......#.....#.......#
........[..#......#.....+.......#
...##......#.###C##.##+###+##..##
...##......#§###@##.##.###.##...#
...........#....(...............#
.#....######...................##
.................)..÷...........#
................................#
.............###...########..#..#
.............###...# #<.####
.#.........#.......# #...#
#.........#.......# #...#


You could see a cyclops.

Vanquished Creatures
  A two-headed ogre (D:7)
  Pikel (D:6)
  A cyclops (D:8)
  Joseph (D:8)
  A meliai (D:8)
  Prince Ribbit (D:6)
  Grinder (D:6)
  3 slime creatures (D:8)
  3 yaks (D:8)
  Eustachio (D:6)
  A steam dragon (D:8)
  2 water moccasins
  2 ice beasts (D:7)
  A black bear (D:7)
  A centaur (D:6)
  3 ogres
  2 lemures (D:6)
  A kobold brigand (D:8)
  2 bullfrogs
  A gnoll sergeant (D:6)
  Blork the orc (D:5)
  A scorpion (D:7)
  12 killer bees (D:7)
  A bullfrog zombie (D:5)
  2 centaur zombies
  A centaur skeleton (D:7)
  2 hounds
  2 jellies (D:6)
  A gnoll shaman (D:4)
  2 orc priests
  Crazy Yiuf (D:5)
  2 iguanas
  A scorpion zombie (D:5)
  A merfolk siren (Sewer)
  A merfolk avatar (Sewer)
  A howler monkey skeleton (D:5)
  8 adders
  15 gnolls
  A river rat (Sewer)
  2 white imps (D:6)
  An ufetubus (D:6)
  3 worms (D:3)
  2 dart slugs
  13 orcs
  17 ball pythons
  3 endoplasms
  5 giant cockroaches
  3 goblins
  4 hobgoblins
  2 jackals (D:2)
  15 kobolds
  4 quokkas
  4 bats
  6 frilled lizards
  23 rats
193 creatures vanquished.

Vanquished Creatures (others)
  3 plants (D:8)
3 creatures vanquished.

Grand Total: 196 creatures vanquished

Notes
Turn   | Place    | Note
-------+----------+-------------------------------------------
     0 | D:1      | Zeld the Tengu Air Elementalist began the quest for the
                  | Orb.
     0 | D:1      | Reached XP level 1. HP: 10/10 MP: 4/4
   240 | D:1      | Reached XP level 2. HP: 15/15 MP: 4/6
   463 | D:1      | Found a faded altar of an unknown god.
  1501 | D:2      | Reached XP level 3. HP: 18/19 MP: 0/7
  1582 | D:2      | Learned a level 2 spell: Static Discharge
  1587 | D:2      | Learned a level 3 spell: Swiftness
  1954 | D:2      | Found a radiant altar of Vehumet.
  2006 | D:2      | Became a worshipper of Vehumet
  2128 | D:3      | Found a basalt altar of Yredelemnul.
  2129 | D:3      | Found a shimmering blue altar of Sif Muna.
  2135 | D:3      | Found an iron altar of Okawaru.
  2135 | D:3      | Found a stormy altar of Qazlal.
  2175 | D:3      | Found a glowing drain.
  2201 | Sewer    | Entered a sewer
  2429 | Sewer    | Noticed a sickly merfolk siren
  2754 | Sewer    | Noticed a malarious merfolk avatar
  2762 | Sewer    | Reached XP level 4. HP: 22/24 MP: 4/8
  2766 | Sewer    | Reached * piety under Vehumet
  2766 | Sewer    | Offered knowledge of Freeze by Vehumet.
  2769 | Sewer    | Killed a malarious merfolk avatar
  2770 | Sewer    | Reached skill level 5 in Air Magic
  3247 | Sewer    | Gained mutation: Your magical nature lets you fly swiftly
                  | and evasively. [Tengu growth]
  3247 | Sewer    | Reached XP level 5. HP: 28/28 MP: 3/10
  4038 | D:3      | Learned a level 4 spell: Airstrike
  4578 | D:3      | Identified the +2 robe "Buukaf" {rC+}
  4709 | D:4      | Reached ** piety under Vehumet
  4709 | D:4      | Offered knowledge of Searing Ray by Vehumet.
  4710 | D:4      | Reached XP level 6. HP: 32/32 MP: 7/12
  4796 | D:4      | You are sucked into a shaft and drop 3 floors!
  4811 | D:7      | Reached skill level 6 in Air Magic
  4876 | D:7      | Reached skill level 1 in Evocations
  4902 | D:7      | Reached XP level 7. HP: 4/36 MP: 0/13
  5126 | D:6      | Noticed Prince Ribbit
  5132 | D:6      | Killed Prince Ribbit
  5133 | D:6      | Reached skill level 7 in Air Magic
  5220 | D:6      | Found a staircase to the Ecumenical Temple.
  5496 | D:6      | Reached XP level 8. HP: 41/41 MP: 6/16
  5502 | D:5      | Entered Level 5 of the Dungeon
  5697 | D:4      | Reached skill level 5 in Spellcasting
  5776 | D:4      | Reached skill level 8 in Air Magic
  6410 | D:5      | Found a sparkling altar of Nemelex Xobeh.
  6737 | D:5      | Offered knowledge of Mephitic Cloud by Vehumet.
  6889 | D:5      | Noticed Blork the orc
  6893 | D:5      | Killed Blork the orc
  6894 | D:5      | Reached skill level 1 in Fighting
  6894 | D:5      | Reached skill level 5 in Conjurations
  7334 | D:5      | Found a runed translucent door.
  7335 | D:5      | Noticed Crazy Yiuf
  7700 | D:5      | Killed Crazy Yiuf
  8072 | D:6      | Reached *** piety under Vehumet
  8076 | D:6      | Reached skill level 9 in Air Magic
  8364 | D:6      | Noticed Eustachio
  8369 | D:6      | Killed Eustachio
  8370 | D:6      | Reached XP level 9. HP: 48/48 MP: 3/19
  8905 | D:6      | Noticed Grinder
  8907 | D:6      | Paralysed by Grinder for 6 turns
  8913 | D:6      | Killed Grinder
  9330 | Temple   | Entered the Ecumenical Temple
  9747 | D:6      | Noticed Pikel
  9760 | D:6      | Killed Pikel
  9761 | D:6      | Reached skill level 10 in Air Magic
 10022 | D:7      | Offered knowledge of Inner Flame by Vehumet.
 10066 | D:7      | Noticed a two-headed ogre
 10076 | D:7      | Killed a two-headed ogre
 10077 | D:7      | Reached XP level 10. HP: 56/56 MP: 2/21
 10514 | D:7      | Reached skill level 11 in Air Magic
 10774 | D:7      | Reached skill level 5 in Evocations
 11661 | D:8      | Noticed Joseph
 12029 | D:8      | Noticed a cyclops
 12034 | D:8      | Killed a cyclops
 12034 | D:8      | Reached **** piety under Vehumet
 12149 | D:8      | Killed Joseph
 12150 | D:8      | Reached skill level 12 in Air Magic
 12309 | D:8      | Found a glowing golden altar of the Shining One.
 12330 | D:8      | Noticed a fire crab
 12381 | D:8      | Identified the +9 war axe of Voatwut {antimagic, Str+6
                  | Dex-3}
 12389 | D:8      | Noticed a cyclops
 12440 | D:8      | Demolished by a cyclops

Illustrated notes

Levels and vault maps discovered:
D:1:      dpeg_arrival_erosion, layout_loops_ring,
          ebering_ecumenical_altar_petrified, chequers_serial_rivers_micro_d,
          nicolae_concentric_dashed_squares_mild
D:2:      layout_rooms, basic_altar
D:3:      layout_rooms, grunt_temple_overflow_open, cheibrodos_sewer_entry_bend
D:4:      layout_basic, minmay_diced_spiral
D:5:      layout_basic, lemuel_round_altar, serial_corexii_hall,
          corexii_hall_statues_deadend, chequers_hall_statues_y,
          corexii_hall_statues_deadend, corexii_hall_statues_x,
          uniq_crazy_yiuf_cottage, uniq_blork_the_orc
D:6:      layout_cave_pods, minmay_temple_entry_glass, uniq_eustachio,
          uniq_pikel, uniq_prince_ribbit1, uniq_grinder
D:7:      layout_basic, amethyst_killhole, eino_jars
D:8:      minmay_cut_squares, layout_gridville, mainiacjoe_overflow_boulevard,
          uniq_psyche, uniq_joseph
Temple:   nicolae_temple_figure_eight

Skill      XL: |  1  2  3  4  5  6  7  8  9 10 |
---------------+-------------------------------+-----
Conjurations   | 2 3 4 5 6 8 |  8.0
Air Magic      | 5 6 7 9 10 12 | 12.1
Spellcasting   | 3 4 6 7 8 |  8.3
Dodging        | 3 |  3.0
Stealth        | 3 |  3.0
Evocations     | 1 2 3 4 5 |  5.7
Fighting       | 2 3 4 |  4.8

Action                   |  1- 3 |  4- 6 |  7- 9 | 10-12 || total
-------------------------+-------+-------+-------+-------++-------
Melee: Unarmed           |     3 |     3 |       |       ||     6
       Kick              |     1 |     9 |     7 |     5 ||    22
       Peck              |       |     6 |     8 |     6 ||    20
       Whip              |       |    16 |    11 |       ||    27
       Trident           |       |       |    34 |    17 ||    51
       Punch             |       |       |     1 |     1 ||     2
 Cast: Shock             |    97 |    91 |    65 |    14 ||   267
       Static Discharge  |       |     8 |     8 |    11 ||    27
       Airstrike         |       |     1 |    69 |    58 ||   128
       Swiftness         |       |       |     1 |     3 ||     4
  Use: Scroll            |     3 |       |     4 |       ||     7
       Potion            |       |       |     1 |       ||     1
Armor: Robe              |     7 |    15 |    20 |    10 ||    52
Dodge: Dodged            |     7 |    35 |    50 |    51 ||   143
